 Dungeon Crawl Stone Soup version 0.27.1-15-g792fb953b9 (webtiles) character file.

Game seed: 18224534158379148960

31 spaced the Firebug (level 3, -4/24 HPs)
             Began as a Demonspawn Fire Elementalist on Nov 19, 2021.
             Was a Believer of Uskayaw.
             Slain by a gnoll (7 damage)
             ... on level 2 of the Dungeon.
             The game lasted 00:18:30 (1347 turns).

spaced the Firebug (Demonspawn Fire Elementalist)   Turns: 1347, Time: 00:18:31

Health: -4/24      AC:  5    Str:  8    XL:     3   Next: 7%
Magic:  1/6        EV: 11    Int: 17    God:    Uskayaw [**....]
Gold:   73         SH:  0    Dex: 13    Spells: 5/6 levels left

rFire    . . .     SeeInvis .   c - +1 hand axe
rCold    . . .     Faith    .   (no shield)
rNeg     . . .     Spirit   .   h - +0 ring mail
rPois    .         Reflect  .   (helmet restricted)
rElec    .         Harm     .   (no cloak)
rCorr    .         Rampage  .   (no gloves)
Will     .....                  (no boots)
Stlth    ++........             (no amulet)
HPRegen  0.08/turn              (no ring)
MPRegen  0.10/turn              (no ring)

@: very slightly contaminated
A: antennae 1, sturdy frame 1
a: Renounce Religion, Stomp, Line Pass


You were on level 2 of the Dungeon.
You worshipped Uskayaw.
Uskayaw was noncommittal.
You visited 1 branch of the dungeon, and saw 2 of its levels.

You collected 73 gold pieces.

Inventory:

Hand Weapons
 b - a +0 dagger
 c - a +1 hand axe (weapon)
 d - a +0 dagger
 g - a +0 whip
 i - a +0 flail
 m - a +0 flail
Missiles
 e - 27 arrows
Armour
 a - a +0 robe
 h - a +0 ring mail (worn)
Scrolls
 f - a scroll of teleportation {unknown}
Potions
 j - a potion of magic {unknown}
 k - a potion of curing {unknown}


   Skills:
 + Level 0.3 Fighting
 + Level 0.3 Armour
 + Level 2.0 Dodging
 + Level 1.8 Stealth
 + Level 0.3 Unarmed Combat
 + Level 2.2 Spellcasting
 + Level 1.2 Conjurations
 + Level 3.1 Fire Magic


You had 5 spell levels left.
You knew the following spells:

 Your Spells              Type           Power      Damage    Failure   Level
a - Foxfire               Conj/Fire      36%        2x1d5     14%         1

Your spell library contained the following spells:

 Spells                   Type           Power      Damage    Failure   Level
 Conjure Flame            Conj/Fire      9%         6-21      38%         3
 Inner Flame              Hex/Fire       7%         N/A       47%         3
 Sticky Flame             Conj/Fire      9%         2d3       80%         4
 Fireball                 Conj/Fire      4%         3d4       98%         5


Dungeon Overview and Level Annotations

Branches:
Dungeon (2/15)

Altars:
Uskayaw

Shops:
D:2 ![:


Innate Abilities, Weirdness & Mutations

You have a pair of small antennae on your head.
Your movements are slightly less encumbered by armour. (ER -2)


Message History

The gnoll is heavily wounded.
There is a dry fountain here.
Casting: Foxfire (safe; 14% risk of failure)
Confirm with . or Enter, or press ? or * to list all spells.
You conjure some foxfire!
The hobgoblin shouts!
The foxfire hits the gnoll.
The gnoll is moderately wounded.
The foxfire hits the gnoll.
The gnoll is heavily wounded.
You can now pass through a line of other dancers.
Casting: Foxfire (safe; 14% risk of failure)
Confirm with . or Enter, or press ? or * to list all spells.
You conjure some foxfire!
A giant cockroach comes into view.
The gnoll hits you from afar with a +0 spear.
Your foxfire dissipates!
The foxfire hits the gnoll.
The gnoll is heavily wounded.
Casting: Foxfire (safe; 14% risk of failure)
Confirm with . or Enter, or press ? or * to list all spells.
You miscast Foxfire.
You are very lightly contaminated with residual magic.
Nothing appears to happen.
The gnoll barely misses you. The gnoll completely misses you.
You hit the gnoll.
The gnoll is severely wounded.
The gnoll hits you with a +0 flail! The gnoll completely misses you.
Casting: Foxfire (safe; 14% risk of failure)
Confirm with . or Enter, or press ? or * to list all spells.
You miscast Foxfire.
Nothing appears to happen.
The gnoll hits you with a +0 club.
The gnoll hits you from afar with a +0 spear.
* * * LOW HITPOINT WARNING * * *
As you read the scroll labelled HUUNKY QUYCIUS, it crumbles to dust.
It is a scroll of enchant weapon.
Your +0 hand axe glows red for a moment.
The gnoll hits you but does no damage.
The gnoll hits you from afar with a +0 spear!
You die...

................#.#.)... ..
.....###...8.8.8..... #'
..#...#....⌠.⌠...... #.
#...#.#...8.∩.8.....
####'#+#<..#.#.(.g⌠.⌠......
#....)..#.##.#.g.8.8.8../..
#.......)....#.gg###.......
#........†...g...###....[..
#............@...#.+!......
#..........∩.......#.......
#####..............+.......
#..............#####...
#..........<....#
#...........#.#+#
##....###+#..... ......##
..##.... .......# ....
(...#


You could see 4 gnolls and a hobgoblin.

Vanquished Creatures
  A dart slug (D:1)
  3 ball pythons (D:1)
  6 bats (D:1)
  An endoplasm (D:1)
  A giant cockroach (D:1)
  4 goblins
  3 hobgoblins
  2 kobolds
  A quokka (D:1)
  2 rats
  A spectral kobold (D:1)
25 creatures vanquished.

Vanquished Creatures (others)
  32 foxfires
32 creatures vanquished.

Grand Total: 57 creatures vanquished

Notes
Turn   | Place    | Note
-------+----------+-------------------------------------------
     0 | D:1      | spaced the Demonspawn Fire Elementalist began the quest for
                  | the Orb.
     0 | D:1      | Reached XP level 1. HP: 13/13 MP: 3/3
   211 | D:1      | Found a faded altar of an unknown god.
   234 | D:1      | Became a worshipper of Uskayaw the Reveller
   234 | D:1      | Reached * piety under Uskayaw
   387 | D:1      | Reached skill level 3 in Fire Magic
   412 | D:1      | Gained mutation: Your movements are slightly less
                  | encumbered by armour. (ER -2) [demonic ancestry]
   412 | D:1      | Reached XP level 2. HP: 17/18 MP: 3/5
   701 | D:2      | Found Mirieg's Antique Armour Shop.
  1292 | D:2      | Reached ** piety under Uskayaw
  1294 | D:2      | Reached *** piety under Uskayaw
  1295 | D:2      | Gained mutation: You have a pair of small antennae on your
                  | head. [demonic ancestry]
  1295 | D:2      | Reached XP level 3. HP: 22/24 MP: 2/6
  1308 | D:2      | Found Xampaabb's Distillery.
  1319 | D:2      | Found Kapsual's Book Boutique.
  1347 | D:2      | Slain by a gnoll

Illustrated notes

Levels and vault maps discovered:
D:1:      dpeg_arrival_rhombus, layout_loops_ring,
          dreamdust_ecumenical_altar_drowned_temple
D:2:      layout_basic, serial_shops, nicolae_shop_behind_doors, shop,
          nicolae_shop_crystal, nicolae_shop_trees,
          nicolae_shop_temple_entry_statues_fountains, glass_columns_a

Skill      XL: |  1  2 |
---------------+-------+-----
Fire Magic     | 3 |  3.1
Dodging        | 2 |  2.0
Fighting       | |  0.3
Armour         | |  0.3
Stealth        | |  1.8
Unarmed Combat | |  0.3
Spellcasting   | |  2.2
Conjurations   | |  1.2

Action                   || total
-------------------------++-------
Melee: Hand axe          ||    17
       Unarmed           ||     7
       Whip              ||    25
       Punch             ||     1
 Cast: Foxfire           ||    30
Invok: Stomp             ||     2
  Use: Scroll            ||     2
 Stab: Sleeping          ||     1
Armor: Robe              ||    17
       Ring mail         ||    14
Dodge: Dodged            ||    45
